 Dungeon Sprint DCSS version 0.29.1-15-g9cfb28693d (webtiles) character file.

Game seed: 15229940302719461781

28 Ast3rio the Chopper (level 3, -2/37 HPs)
             Began as a Minotaur Berserker on Mar 14, 2023.
             Was a Believer of Trog.
             Slain by Crazy Yiuf
             ... wielding a +3 quarterstaff of chaos
              (7 damage)
             ... in the Dungeon (Sprint III: "The Ten Rune Challenge").
             The game lasted 00:00:43 (333 turns).

Ast3rio the Chopper (Minotaur Berserker)             Turns: 333, Time: 00:00:46

Health: -2/37      AC:  2    Str: 23    XL:     3   Next: 0%
Magic:  2/2        EV: 12    Int:  4    God:    Trog [**....]
Gold:   21         SH:  0    Dex:  9    Spells: 2/2 levels left

rFire   . . .      SeeInvis .   a - +0 hand axe
rCold   . . .      Faith    .   (no shield)
rNeg    . . .      Spirit   .   b - +0 animal skin
rPois   .          Reflect  .   (helmet restricted)
rElec   .          Harm     .   (no cloak)
rCorr   .          Rampage  .   (no gloves)
Will    .....      NoTele   +   (no boots)
Stlth   +.........              (no amulet)
HPRegen 0.12/turn               (no ring)
MPRegen 0.08/turn               (no ring)

@: lethally poisoned (-2 -> -14)
A: horns 2, retaliatory headbutt
a: Renounce Religion, Berserk, Trog's Hand


You were in the Dungeon.
You worshipped Trog.
Trog was pleased with you.
You visited 1 branch You collected 21 gold pieces.

Inventory:

Hand Weapons
 a - a +0 hand axe (weapon)
Armour
 b - a +0 animal skin (worn)
Scrolls
 h - a scroll of blinking
Potions
 c - a potion of curing
 d - a potion of heal wounds
 e - a potion of haste
 f - 2 potions of magic
 g - a potion of berserk rage


   Skills:
 + Level 5.7 Fighting
 + Level 5.9 Axes
 + Level 3.2 Armour
 + Level 3.0 Dodging


You had 2 spell levels left.
You didn't know any spells.
Your spell library was empty.

Dungeon Overview and Level Annotations

Branches:
Dungeon (1/1)

Altars:

Annotations:
D Crazy Yiuf


Innate Abilities, Weirdness & Mutations

You have a pair of horns on your head.
You reflexively headbutt those who attack you in melee.


Message History

Trog appreciates your killing of a magic user.
Your Fighting skill increases to level 5!
Your Axes skill increases to level 5!
Your Armour skill increases to level 3!
Your Dodging skill increases to level 3!
You have reached level 2!
You have reached level 3!
Your experience leads to an increase in your attributes!
Increase (S)trength, (I)ntelligence, or (D)exterity?
You feel stronger. x2
You start resting.
You start resting.
You start resting.
You start resting.
HP restored.
Things that are here:
a +0 club; a +0 robe A human comes into view.
Crazy Yiuf the Enlightened comes into view.
He is wielding a +3 quarterstaff of chaos.
The human shouts!
Crazy Yiuf shouts!
Crazy Yiuf misses you.
You hit Crazy Yiuf.
Crazy Yiuf is lightly wounded.
Crazy Yiuf hits you with a +3 quarterstaff of chaos!
You slash Crazy Yiuf! You headbutt Crazy Yiuf.
Crazy Yiuf is severely wounded.
You hit the human but do no damage. The human closely misses you.
Crazy Yiuf misses you.
You hit Crazy Yiuf but do no damage. Your headbutt misses Crazy Yiuf.
Crazy Yiuf is severely wounded.
You hit the human. The human hits you.
Crazy Yiuf hits you with a +3 quarterstaff of chaos!
* * * LOW HITPOINT WARNING * * *
You are lethally poisoned!
You hit Crazy Yiuf.
Crazy Yiuf is almost dead.
You closely miss the human.
* * * LOW HITPOINT WARNING * * *
You feel very sick. The human barely misses you.
Crazy Yiuf hits you with a +3 quarterstaff of chaos!
You die...

▓...#......##
▓..##.......# ..#
▓##.##.##...# ..#
##.##.###..# #..#
▓#.####.##..# ...+
▓.###†.##.)## #...#
▓#.....##..###....#
###..##...##p....#
##..##....#.@g...#
#..###..##.#.....#
#..# #..#####....#
▓▓▓▓ ▓▓▓▓ ▓▓▓▓▓


You could see a human and Crazy Yiuf.

Vanquished Creatures
  Jessica (D)
  An endoplasm (D)
  2 rats (D)
4 creatures vanquished.

Notes
Turn   | Place    | Note
-------+----------+-------------------------------------------
     0 | D        | Ast3rio the Minotaur Berserker began the quest for the Orb.
     0 | D        | Reached XP level 1. HP: 19/19 MP: 0/0
    42 | D        | Reached ** piety under Trog
    53 | D        | Noticed Jessica
    60 | D        | Killed Jessica
    61 | D        | Reached skill level 5 in Fighting
    61 | D        | Reached skill level 5 in Axes
    61 | D        | Reached XP level 2. HP: 5/30 MP: 1/1
    61 | D        | Reached XP level 3. HP: 6/37 MP: 2/2
   328 | D        | Noticed Crazy Yiuf
   333 | D        | Slain by Crazy Yiuf

Illustrated notes

Levels and vault maps discovered:
D:        dungeon_sprint_mu [sprint_mu_entry_cave, sprint_mu_temple_rooms,
          sprint_mu_d1_horrors, sprint_mu_d2_genie, sprint_mu_d3_branching,
          sprint_mu_orc_legion, sprint_mu_elf_gauntlet, sprint_mu_hive_nellie,
          sprint_mu_lair_fedhas, sprint_mu_vaults_butterflies,
          sprint_mu_slime_circle, sprint_mu_shoals_archi,
          sprint_mu_snake_twists, sprint_mu_blade_basic, sprint_mu_crypt_lich,
          sprint_mu_tomb_spiral, sprint_mu_vestibule_basic,
          sprint_mu_gehenna_hellfire, sprint_mu_dis_giant,
          sprint_mu_tartarus_statrot, sprint_mu_cocytus_islands, sprint_mu_zot1]

Skill      XL: |  1 |
---------------+----+-----
Fighting       | 5 |  5.7
Axes           | 5 |  5.9
Armour         | 3 |  3.2
Dodging        | 3 |  3.0

Action                   || total
-------------------------++-------
Melee: Hand axe          ||    13
       Headbutt          ||     2
Armor: Animal skin       ||     2
Dodge: Dodged            ||    10
